 Dungeon Crawl Stone Soup version 0.18-a0-896-g1c42501 (webtiles) character file.

34 Leibowitz the Cutter (level 3, 0/22 HPs)
             Began as a Kobold Gladiator on Dec 24, 2015.
             Slain by a hobgoblin
             ... wielding a +0 club
              (2 damage)
             ... on level 2 of the Dungeon.
             The game lasted 00:04:57 (1487 turns).

Leibowitz the Cutter (Kobold Gladiator)             Turns: 1487, Time: 00:04:57

Health: 0/22       AC:  6    Str: 13    XL:     3   Next: 50%
Magic:  3/3        EV: 15    Int:  6    God:
Gold:   22         SH:  0    Dex: 17    Spells: 0 memorised, 2 levels left

rFire  . . .     SeeInvis .     a - +0 rapier
rCold  . . .     Gourm    .     b - +0 leather armour
rNeg   . . .     Faith    .     (shield restricted)
rPois  .         Spirit   .     p - +0 helmet (curse)
rElec  .         Dismiss  .     m - +0 cloak
rCorr  .         Reflect  .     (no gloves)
SustAt .         Harm     .     j - +0 pair of boots
MR     .....                    (no amulet)
Stlth  ++........               (no ring)
                                (no ring)

@: drained, not resistant to hostile enchantments, unstealthy
A: carnivore 3
a: no special abilities


You were on level 2 of the Dungeon.
You were completely stuffed.

You visited 1 branch of the dungeon, and saw 2 of its levels.

You collected 22 gold pieces.

Inventory:

Hand Weapons
 a - a +0 rapier (weapon)
Missiles
 d - 2 throwing nets (quivered)
Armour
 b - a +0 leather armour (worn)
 c - a +0 helmet
 j - a +0 pair of boots (worn)
 m - a +0 cloak (worn)
 p - a cursed +0 helmet (worn)
Jewellery
 s - an uncursed ring of ice
Scrolls
 g - a scroll of identify {unknown}
 h - a scroll of recharging {unknown}
 k - a scroll of teleportation {unknown}
 n - 2 scrolls of random uselessness {unknown}
 o - a scroll of blinking {unknown}
 r - a scroll of magic mapping {unknown}
Potions
 e - a potion of invisibility {unknown}
 i - 3 potions of curing {unknown}
 l - 3 potions of haste {unknown}
Comestibles
 f - 2 meat rations
 q - a royal jelly


   Skills:
 + Level 2.5(1.9) Fighting
 + Level 4.5(3.7) Short Blades
 - Level 2.1(1.5) Throwing
 + Level 0.1(0.0) Armour
 + Level 4.0(3.3) Dodging
 * Level 2.2(1.5) Stealth


You had 2 spell levels left.
You didn't know any spells.

Dungeon Overview and Level Annotations

Branches:
Dungeon (2/15)

Altars:

Annotations:
D:2 Ijyb


Innate Abilities, Weirdness & Mutations

You are small and have problems with some larger weapons.
You are carnivorous and can eat meat at any time.


Message History

Ijyb struggles to escape the net.
The hobgoblin hits you but does no damage.
You hit Ijyb but do no damage.
Ijyb is severely wounded.
Ijyb screams, "Level is mine!
All mine!"
Ijyb struggles against the net.
The hobgoblin closely misses you.
You hit Ijyb.
Ijyb is severely wounded.
Ijyb struggles against the net.
The hobgoblin hits you but does no damage.
You hit Ijyb.
Ijyb is almost dead.
Ijyb zaps a wand.
The puff of flame hits you!
* * * LOW HITPOINT WARNING * * *
Ijyb struggles against the net.
The hobgoblin hits you with a club.
* * * LOW HITPOINT WARNING * * *
You completely miss Ijyb.
Ijyb is almost dead.
The hobgoblin hits you with a club.
You die...

...<..#...#####.......##
....P...### #........#
..≈.≈..## #.>......#
#.≈≈≈≈P# ####.#(.....#
#≈.≈≈≈.# ##...........#
..≈..≈P# ##......###...#
.......# #.......# #...#
......## #....<..# #...#
......# #.....g@# #...#
##....g## ##### #.....#
#.....!. #.......#
#>......# ##.....##
##...## ####


You could see Ijyb (caught) and a hobgoblin.

Vanquished Creatures
  An adder (D:1)
  A bat skeleton (D:2)
  5 goblins (D:1)
  2 hobgoblins (D:1)
  3 jackals (D:1)
  A giant cockroach zombie (D:2)
  2 giant newts (D:1)
  4 kobolds
  5 rats (D:1)
24 creatures vanquished.

Notes
Turn   | Place    | Note
--------------------------------------------------------------
     0 | D:1      | Leibowitz the Kobold Gladiator began the quest for the Orb.
     0 | D:1      | Reached XP level 1. HP: 12/12 MP: 1/1
   270 | D:1      | Reached XP level 2. HP: 15/18 MP: 2/2
   322 | D:1      | Reached skill level 1 in Stealth
   900 | D:1      | Reached XP level 3. HP: 22/22 MP: 3/3
  1473 | D:2      | Noticed Ijyb
  1487 | D:2      | Slain by a hobgoblin

Vault maps used:
D:1:      dpeg_arrival_water_temple_mockup, kennysheep_crisscross
D:2:      serial_undead, serial_undead_b, serial_undead_f, serial_undead_c,
          serial_undead_b, uniq_iyjb

Action                   || total
-------------------------++-------
Melee: Rapier            ||    79
Throw: Throwing net      ||     4
 Stab: Sleeping          ||     2
       Held in net/web   ||     2
  Eat: Chunk             ||    10
